[Event "ICC tourney 2692 (75 10)"]
[Site "Internet Chess Club"]
[Date "2021.09.26"]
[Round "6"]
[White "LIANG, JASON:Jupiter435"]
[Black "IVANOV, ALEXANDER:marble"]
[Result "1-0"]
[ICCResult "Black forfeits on time"]
[WhiteElo "2316"]
[BlackElo "2422"]
[Opening "Robatsch defense"]
[ECO "B06"]
[NIC "KF.05"]
[Time "18:00:32"]
[TimeControl "4500+10"]

1. e4 g6 2. d4 Bg7 3. Nc3 c6 4. Be3 Qb6 5. Qd2 Qxb2 6. Rb1 Qa3 7. Nf3 d6 8.
Bc4 Qa5 9. O-O e6 10. Bf4 Qd8 11. Rfe1 Ne7 12. h4 O-O 13. h5 gxh5 14. e5
dxe5 15. Bxe5 Ng6 16. Bxg7 Kxg7 17. Ne4 Nd7 18. Ng3 Nf6 19. Re5 Nxe5 20.
Nxe5 h6 21. Rb3 c5 22. Rd3 b5 23. Bxb5 cxd4 24. Rxd4 Qc7 25. Qe2 Rb8 26. a4
Rd8 27. Nxh5+ Nxh5 28. Qg4+ Kf8 29. Rxd8+ Qxd8 30. Qxh5 Qf6 31. Qh2 Rb7 32.
Qg3 a6 33. Bxa6 Rb1+ 34. Kh2 Re1 35. f4 Rxe5 36. fxe5 Qd8 37. Bxc8 Qxc8 38.
Qd3 Kg7 39. c3 Qc5 40. Qd4 Qa3 41. Qg4+ Kh7 42. Qb4 Qa1 43. a5 Qf1 44. Qe4+
Kg8 45. Qg4+ Kh7 46. Qf3 {Black forfeits on time} 1-0

[Event "ICC tourney 2692 (75 10)"]
[Site "Internet Chess Club"]
[Date "2021.09.26"]
[Round "6"]
[White "Vittal, Sanjana:MCTS13"]
[Black "TURCOTTE,JONATHAN:JonnyTurgi"]
[Result "1-0"]
[ICCResult "Black resigns"]
[WhiteElo "2056"]
[BlackElo "2062"]
[Opening "Caro-Kann: two knights, 3...Bg4"]
[ECO "B11"]
[NIC "CK.01"]
[Time "18:00:44"]
[TimeControl "4500+10"]

1. e4 c6 2. Nc3 d5 3. Nf3 Bg4 4. h3 Bxf3 5. Qxf3 Nf6 6. Be2 e6 7. O-O Bc5 8.
Rd1 Bd4 9. Qf4 Bxc3 10. bxc3 Nxe4 11. Ba3 Nd7 12. Rab1 b6 13. c4 Ndc5 14. f3
Nf6 15. d4 Na4 16. Qd2 a6 17. Rb4 b5 18. Rxa4 bxa4 19. Qb4 Rb8 20. Qxa4 Qb6
21. Bd6 Ra8 22. c5 Qb7 23. Rd3 Qb5 24. Qa3 a5 25. c3 Nd7 26. Rd2 Qb1+ 27.
Kf2 Qb7 28. Qc1 f6 29. Rb2 Qc8 30. Qb1 Ra7 31. Bd3 Kf7 32. h4 f5 33. h5 g6
34. Qh1 Rb7 35. Re2 Nf6 36. Ba6 Nxh5 37. Bxb7 Qxb7 38. Qc1 Rd8 39. Rb2 Qd7
40. Qb1 Qe8 41. Rb7+ Rd7 42. Rb8 Rd8 43. Qb7+ Qd7 44. Qxd7+ Rxd7 45. Rb6 Nf6
46. Rxc6 Ne8 47. Be5 Ke7 48. Rb6 Ra7 49. Rb8 Nc7 50. c6 Ne8 {Black resigns}
1-0